 Dungeon Crawl Stone Soup version 0.14-a0-2730-g72a2965 (webtiles) character file.

83 Jase the Basher (level 3, -6/25 HPs)
             Began as a Halfling Chaos Knight on Feb 21, 2014.
             Was a Plaything of Xom.
             Mangled by a neqoxec (12 damage)
             ... summoned by the capriciousness of Xom
             ... on Level 1 of the Dungeon.
             The game lasted 00:02:50 (1738 turns).

Jase the Basher (Halfling Chaos Knight)             Turns: 1738, Time: 00:02:50

HP  -6/25        AC  5     Str  9      XL: 3   Next: 75%
MP   3/3         EV 12     Int 13      God: Xom
Gold 42          SH  0     Dex 15      Spells:  0 memorised,  2 levels left

rFire  . . .     SeeInvis +     a - +0 mace (chaos)
rCold  . . .     Clarity  .     b - +2 leather armour
rNeg   . . .     Conserve .     (no shield)
rPois  .         rCorr    .     (no helmet)
rElec  .         rRot     .     (no cloak)
SustAb . .       Spirit   .     (no gloves)
rMut   .         Warding  .     (no boots)
Saprov . . .     Stasis   .     (no amulet)
MR     .....                    (no ring)
                                d - ring of see invisible {unknown}

@: not resistant to hostile enchantments, unstealthy
A: mutation resistance 1, slow metabolism 1
a: Renounce Religion


You were on level 1 of the Dungeon.
You worshipped Xom.
You were a toy of Xom.
You were hungry.

You visited 1 branch of the dungeon, and saw 1 of its levels.

You collected 42 gold pieces.

Inventory:

Hand weapons
 a - a +0,+0 mace of chaos (weapon)
Armour
 b - a +2 leather armour (worn)
Comestibles
 c - a bread ration
 f - a pear
 g - a royal jelly
Scrolls
 i - a scroll of teleportation {unknown}
 k - a scroll of magic mapping {unknown}
 l - a scroll of remove curse {unknown}
Jewellery
 d - a ring of see invisible (left hand) {unknown}
Potions
 e - a potion of degeneration {unknown}
 j - a potion of lignification {unknown}


   Skills:
 - Level 2.8 Fighting
 + Level 8.3 Maces & Flails
 - Level 0.7 Armour
 - Level 2.4 Dodging
 - Level 0.4 Stealth


You had 2 spell levels left.
You didn't know any spells.

Dungeon Overview and Level Annotations

Branches:
Dungeon (1/16)

Altars:


Innate Abilities, Weirdness & Mutations

You are small and have problems with some larger weapons.
You are somewhat resistant to further mutation.
You have a slow metabolism.


Message History

A neqoxec is nearby!
You barely miss the neqoxec. The neqoxec hits you.
You hit the neqoxec.
The neqoxec is lightly wounded.
The neqoxec hits you!
You hit the neqoxec but do no damage.
There is a sudden explosion of sparks!
The neqoxec is severely wounded.
The neqoxec hits you but does no damage.
You hit the neqoxec but do no damage.
The neqoxec jerks violently for a moment.
The neqoxec is severely wounded.
The neqoxec hits you!
* * * LOW HITPOINT WARNING * * *
You hit the neqoxec.
The neqoxec's magic leaks into the air.
The neqoxec is severely wounded.
The neqoxec barely misses you.
You hit the neqoxec.
The neqoxec is severely wounded.
The neqoxec hits you!
You die...

............................#
....#.......#.....(.........####
.................).............#
.....#.......#..............#...#
...#.......#..............#...#
.###.#.......##(#########.#.#...#
.............##.# #.#.##.##
.###.#.......##3#########.#.##.#
........%..%....@............#.#
...#.##.#.#.#........#### ...#.##
.....................# .. #%..
...#.##.#.#.#.....[..# ....#(..
...#.##.#.#.#####.#######.#.##...
.......................#....##...
................................
##.##.#.#.#####.###.......##...
###.##...........###.......##...


You could see a neqoxec.

Vanquished Creatures
  A shadow (D:1)
  A bat (D:1)
  A giant cockroach (D:1)
  A goblin (D:1)
  3 hobgoblins (D:1)
  4 jackals (D:1)
  3 kobolds (D:1)
  An ooze (D:1)
  A giant gecko (D:1)
  3 giant newts (D:1)
  2 rats (D:1)
21 creatures vanquished.

Notes
Turn   | Place    | Note
--------------------------------------------------------------
     0 | D:1      | Jase, the Halfling Chaos Knight, began the quest for the Orb.
     0 | D:1      | Reached XP level 1. HP: 15/15 MP: 1/1
    70 | D:1      | Reached XP level 2. HP: 18/20 MP: 2/2
   189 | D:1      | XOM: potion effect (experience)
   189 | D:1      | Reached skill level 8 in Maces & Flails
   189 | D:1      | Reached XP level 3. HP: 22/25 MP: 3/3
   474 | D:1      | XOM: medium Necr miscast
   475 | D:1      | Noticed a shadow
   477 | D:1      | Killed a shadow
   629 | D:1      | XOM: colour smoke trail
   946 | D:1      | XOM: noise
  1410 | D:1      | XOM: harmless Erth miscast
  1659 | D:1      | XOM: harmless Hex miscast
  1732 | D:1      | XOM is BORED!
  1732 | D:1      | XOM: medium Summ miscast
  1733 | D:1      | Noticed a neqoxec
  1738 | D:1      | Mangled by a neqoxec

Action                   || total
-------------------------++-------
Melee: Mace              ||    56
 Stab: Sleeping          ||     1
